Cogmind - Beta 17 @@@ ROGUE MODE // 2026.06.27 @ 18:27:57 Player: N.W.L. Result: Destroyed by AY-5IW(R) with Subdweller Machine Gun Performance ------------- Evolutions (0) 0 Regions Visited (3) 600 Robots Destroyed (74) 370 Value Destroyed (1604) 1604 Prototype IDs (15) 300 Alien Tech Used (0) 0 Bonus (64) 64 TOTAL SCORE: 2938 Bonus ------- High Alert Combat Kills 64 Cogmind --------- Core Integrity 0/250 Matter 176/300 Energy 100/100 System Corruption 0% Temperature Cool (0) Movement Treading (160) Location -10/Subcaves Parts ------- > --- POWER (1+1) ------ (None) > --- PROPULSION (2+1) - Light Treads Light Treads (+) Light Treads > --- UTILITY (2+1) ---- Scrap Shield Rainbow Chip (+) > --- WEAPON (2+1) ----- Battle Cannon Slug Cannon Katana (+) > --- INVENTORY (5) ---- Cargo Storage Unit Self-contained Transmogrifier Peak State ------------ > --- POWER ------------ Deuterium Engine > --- PROPULSION ------- Light Treads Light Treads Light Treads > --- UTILITY ---------- Experimental Sensor Array Seismic Detector Rainbow Chip > --- WEAPON ----------- Battle Cannon Slug Cannon Katana > --- INVENTORY -------- Cargo Storage Unit Self-contained Transmogrifier Battle Cannon [Rating: 39] Favorites ----------- Power Ion Engine Engine Ion Engine Propulsion Light Treads Treads Light Treads Utility Huge Storage Unit Device Seismic Detector Storage Huge Storage Unit Processor Rainbow Chip Hackware Hacking Suite Protection Scrap Shield Weapon Beam Cannon Energy Cannon Beam Cannon Ballistic Gun Assault Rifle Ballistic Cannon Slug Cannon Launcher Grenade Launcher Special Weapon Mining Laser Impact Weapon Hammer Slashing Weapon Katana Special Melee Weapon Datajack Build | -11 -10 -10 -10 ------- Run | Yrd Mat Min Sub Slots Evolved . | . . . . Power . | . . . . Propulsion . | . . . . Utility . | . . . . Weapon . | . . . . Parts Attached 35 | 8 13 2 12 Power 4 | 1 2 1 . Engine 4 | 1 2 1 . Core . | . . . . Reactor . | . . . . Propulsion 6 | 2 1 . 3 Treads 6 | 2 1 . 3 Leg . | . . . . Wheel . | . . . . Hover . | . . . . Flight . | . . . . Utility 12 | 3 3 . 6 Device 4 | 2 . . 2 Storage 3 | 1 2 . . Processor 1 | . . . 1 Hackware 1 | . 1 . . Protection 3 | . . . 3 Artifact . | . . . . Weapon 13 | 2 7 1 3 Energy Gun . | . . . . Energy Cannon 2 | . 2 . . Ballistic Gun 2 | 2 . . . Ballistic Cannon 4 | . 1 1 2 Launcher 1 | . 1 . . Special Weapon 1 | . 1 . . Impact Weapon 1 | . 1 . . Slashing Weapon 1 | . . . 1 Piercing Weapon . | . . . . Special Melee Weapon 1 | . 1 . . Unidentified Prototypes 1 | . . . 1 Parts Lost 2 | . 1 . 1 Power 2 | . 1 . 1 Propulsion . | . . . . Utility . | . . . . Weapon . | . . . . Highest Loss Streak 1 | . 1 . 1 To Critical Strikes . | . . . . Average Backups 10 | 2 10 21 4 Power . | . . 1 . Propulsion 1 | . 2 3 . Utility 3 | . 3 7 2 Weapon 2 | 1 3 6 . Tool/Special . | . . . . Unused Backups 13 | . 2 1 10 Power 3 | . 1 . 2 Propulsion . | . . . . Utility 3 | . . . 3 Weapon 4 | . 1 . 3 Tool/Special 3 | . . 1 2 Average Slot Usage (%) 93 | . 95 100 85 Engine 12 | . 13 14 9 Treads 27 | . 27 28 26 Device 2 | . 1 . 3 Storage 9 | . 14 14 . Processor 2 | . . . 8 Hackware 7 | . 9 14 . Protection 2 | . . . 9 Energy Cannon 10 | . 13 17 1 Ballistic Cannon 6 | . . 7 17 Launcher 1 | . 2 1 . Impact Weapon 4 | . 7 1 . Slashing Weapon 2 | . . . 8 Peak Build Rating 39 | 9 10 18 39 Average Rating 16 | 7 9 14 31 On Entrance 8 | . 7 10 18 Avg Prop Armor Cover (%) 23 | . 23 . . Naked Turns . | . . . . Heaviest Build 150 | 13 150 99 39 Greatest Support 60 | 40 40 40 60 Greatest Overweight (x) 49 | . 49 2 . Average Overweight (x) 1 | . 2 2 . Largest Inventory Capacity 30 | 8 30 25 25 Average Capacity 18 | 7 24 25 5 Most Carried 25 | 4 15 25 25 Average Carried 10 | 2 11 22 4 Final Capacity 25 | 8 25 25 5 Final Carried 25 | 4 15 25 3 Class Distribution -------------------- 82% | Mutant 11% | Hauler-Mutant 5% | Scavenger-Mutant Dominant Class ---------------- Mutant | -10/Materials Mutant | -10/Mines Mutant | -10/Subcaves Resources | -11 -10 -10 -10 ----------- Run | Yrd Mat Min Sub Matter Collected 1824 | 366 562 30 866 Remotely . | . . . . Salvage Created 2168 | 224 1148 454 342 Parts 124 | 19 61 20 24 Haulers Intercepted 2 | . 2 . . Recyclers Shooed 1 | . . 1 . Parts Field Recycled . | . . . . Retrieved Matter . | . . . . Parts Self-Destructed 16 | . . . 16 Prevented . | . . . . Parts Restored . | . . . . Kills | -11 -10 -10 -10 ------- Run | Yrd Mat Min Sub Combat Hostiles Destroyed 42 | . 23 6 13 Melee 1 | . 1 . . Cannons 28 | . 10 5 13 AOE 11 | . 11 . . Classes Destroyed 11 | 3 6 1 1 Worker 15 | 2 11 2 . Builder 3 | . 3 . . Tunneler 5 | 4 1 . . Hauler 2 | . 2 . . Recycler 4 | 1 1 2 . Operator 1 | . 1 . . Watcher 2 | . 2 . . Swarmer 6 | . 6 . . Grunt 21 | . 17 4 . Sentry 2 | . . 2 . Subdweller 13 | . . . 13 Best Kill Streak 6 | 4 6 4 2 Combat Bots Only 5 | . 5 2 2 Max Kills in Single Turn 2 | 1 2 1 1 Gunslinging . | . . . . Exploded 2 | . 2 . . Melee 1 | . 1 . . Uniques/NPCs Destroyed . | . . . . Combat | -11 -10 -10 -10 -------- Run | Yrd Mat Min Sub Hostile Shots Fired 156 | . 64 19 73 Missed 45 | . 19 3 23 Hits 111 | . 45 16 50 Projectile 111 | . 45 16 50 Critical Strikes 3 | . . . 3 Damage Taken 1820 | . 542 228 1050 Core 258 | . 136 42 80 Absorbed by Shields . | . . . . Regen/Repaired (Parts) 193 | . 193 . . Core Remaining (%) 100 | 100 . . . Volleys Fired 211 | 18 65 18 110 Largest 2 | 2 2 2 2 Hottest 120 | 40 120 120 73 Shots Fired 293 | 30 101 34 128 Gun 31 | 30 1 . . Cannon 243 | . 81 34 128 Launcher 16 | . 16 . . Special 3 | . 3 . . Kinetic 165 | 30 7 . 128 Thermal 112 | . 78 34 . Explosive 16 | . 16 . . Electromagnetic . | . . . . Robot Hit Streak 9 | 7 9 7 7 Robot Miss Streak 7 | 7 3 1 5 Penetration Max 1 | . . . 1 Secondary Targets . | . . . . Shots Hit Robots 168 | 16 75 25 52 Core Hits 81 | 7 42 11 21 Critical Kills 5 | 1 1 1 2 Critical Parts Destroyed 1 | . 1 . . Critical Strikes 11 | 1 2 1 7 Meltdown 1 | . . 1 . Destroy 7 | 1 . . 6 Blast 1 | . . . 1 Smash 2 | . 2 . . Melee Attacks 86 | . 42 2 42 Impact 39 | . 37 2 . Slashing 42 | . . . 42 Piercing . | . . . . Sneak Attacks 19 | . 17 2 . Combat Hostiles 1 | . 1 . . Follow-up Attacks . | . . . . Damage Inflicted 5109 | 200 2548 529 1832 Guns 199 | 199 . . . Cannons 2875 | . 918 425 1532 Explosions 914 | . 914 . . Melee 1112 | . 716 96 300 Ramming 9 | 1 . 8 . Kinetic 1766 | 199 35 . 1532 Thermal 1308 | . 883 425 . Explosive 914 | . 914 . . Electromagnetic . | . . . . Impact 812 | . 716 96 . Slashing 300 | . . . 300 Piercing . | . . . . Highest Corruption . | . . . . Average Corruption . | . . . . Corruption Purged . | . . . . Corruption Blocked . | . . . . Overload Shots . | . . . . Overflow Damage 247 | . 182 45 20 Projectiles 22 | . 8 14 . Explosions 11 | . 11 . . Melee 214 | . 163 31 20 Knockbacks 17 | . 8 1 8 Impact 8 | . 7 1 . Kinetic 9 | . 1 . 8 Secondary . | . . . . Self-Inflicted Damage 67 | . 67 . . Shots 3 | . 3 . . Rammed 3 | 1 . 2 . Targets Rammed 4 | 1 . 3 . Kicked . | . . . . Crushed 1 | . . 1 . Highest Temperature 427 | . 427 402 270 Average Temperature 125 | . 116 142 163 Received Heat Transfer 760 | . 240 99 421 Effects 2 | . 2 . . Energy Bleed 1 | . 1 . . Damage (minor) 1 | . 1 . . Siege Activations . | . . . . Martial Activations . | . . . . Shielding Activations . | . . . . Robots Disrupted . | . . . . Combat Hostiles . | . . . . Robots Corrupted 8 | . 7 1 . Combat Hostiles . | . . . . Parts Fried 6 | . 6 . . Impact Corruptions 12 | . 10 2 . Robots Melted 2 | . 1 1 . Combat Hostiles 2 | . 1 1 . Parts Melted 9 | . 6 2 1 Heat Transferred 2701 | . 1813 888 . Parts Sabotaged . | . . . . Parts Stolen . | . . . . Parts Stripped . | . . . . Power Chain Reactions . | . . . . Alert | -11 -10 -10 -10 ------- Run | Yrd Mat Min Sub Maximum Alert Level 2 | . 2 1 . Low Security (%) 62 | 100 53 93 . Level 1 7 | . 7 6 . Level 2 29 | . 39 . . Level 3 . | . . . . Level 4 . | . . . . Level 5 . | . . . . High Security . | . . . . Max Security . | . . . . Peak Influence 626 | 10 626 243 . Initial 243 | . . 243 . Average 212 | 1 263 48 . Influence Increases 1136 | 35 924 162 15 Destroy 0b10 Robot/C 580 | . 460 120 . Destroy 0b10 Robot/NC 160 | 35 105 20 . Destroy Leader 138 | . 118 20 . Successful Hack 21 | . 21 . . Select Force Hacks 60 | . 60 . . Disable Machine 60 | . 60 . . Destroy Structure 87 | . 85 2 . Partial Spotted 15 | . 15 . . Lose Combat Pursuer 15 | . . . 15 Influence Decreases 1136 | 35 298 788 15 Entered New Map 383 | . . 383 . Time Decay 733 | 35 278 405 15 Lost Part 10 | . 10 . . Lost Ally 10 | . 10 . . Squads Dispatched 11 | . 10 1 . Investigation 10 | . 9 1 . Extermination . | . . . . Reinforcement 1 | . 1 . . Assault . | . . . . Garrison . | . . . . Intercept . | . . . . Searches Triggered . | . . . . Construction Impeded . | . . . . Haulers Reinforced . | . . . . Active Scanning Responses . | . . . . Cargo Convoy Interrupts . | . . . . Stealth | -11 -10 -10 -10 --------- Run | Yrd Mat Min Sub Distress Signals 3 | . 3 . . Communications Jammed . | . . . . Distress Signals . | . . . . Times Spotted 48 | . 28 6 14 Peak Tracking Total 4 | . 4 2 2 Tactical Retreats 1 | . . . 1 Traps | -11 -10 -10 -10 ------- Run | Yrd Mat Min Sub Traps Triggered . | . . . . Indirectly . | . . . . Trap Hack Attempts 14 | . 14 . . Triggered . | . . . . Disarmed . | . . . . Reprogrammed 4 | . 4 . . Reused . | . . . . Traps Extracted . | . . . . Installed . | . . . . Triggered . | . . . . Machines | -11 -10 -10 -10 ---------- Run | Yrd Mat Min Sub Machines Disabled 6 | . 4 . 2 Max in Single Turn 1 | . 1 . 1 Machines Repaired . | . . . . Machines Dismantled . | . . . . Machines Sabotaged . | . . . . Overloaded Fab Kills . | . . . . Hacking | -11 -10 -10 -10 --------- Run | Yrd Mat Min Sub Machines Accessed 12 | . 9 1 2 Terminals 6 | . 6 . . Fabricators . | . . . . Repair Stations 1 | . 1 . . Recycling Units 2 | . 2 . . Scanalyzers . | . . . . Garrison Access . | . . . . Total Hacks 65 | . 58 1 6 Successful 60 | . 53 1 6 Failed 5 | . 5 . . Catastrophic . | . . . . Database Lockouts . | . . . . Manual 34 | . 34 . . Terminals 30 | . 30 . . Fabricators . | . . . . Repair Stations 8 | . 8 . . Recycling Units 20 | . 20 . . Scanalyzers . | . . . . Garrison Access . | . . . . Terminal Hacks 22 | . 15 1 6 Record 5 | . . . 5 Robot Analysis 1 | . 1 . . Open Door 1 | . . 1 . Locate Traps 1 | . 1 . . Maintenance Status 13 | . 13 . . Proto ID Catalog 1 | . . . 1 Fabricator Hacks . | . . . . Repair Station Hacks 6 | . 6 . . Scan Component 3 | . 3 . . Repair 3 | . 3 . . Recycling Unit Hacks 18 | . 18 . . Recycle Component 3 | . 3 . . Report Inventory 14 | . 14 . . Retrieve Components 1 | . 1 . . Scanalyzer . | . . . . Garrison Access Hacks . | . . . . Unauthorized Hacks 13 | . 13 . . Terminals 10 | . 10 . . Track 1 | . 1 . . Assimilate 1 | . 1 . . Botnet 2 | . 2 . . Operators 1 | . 1 . . Skim 5 | . 5 . . Fabricators . | . . . . Repair Stations 1 | . 1 . . Mechanics 1 | . 1 . . Recycling Units 2 | . 2 . . Tunnel 2 | . 2 . . Scanalyzers . | . . . . Garrison Access . | . . . . Data Cores Recovered . | . . . . Used . | . . . . Hacking Detections 9 | . 9 . . Full Trace Events 7 | . 7 . . Feedback Events . | . . . . Feedback Blocked . | . . . . Robot Schematics Acquired . | . . . . Robots Built . | . . . . Authchips . | . . . . Time . | . . . . Total Robot Build Rating . | . . . . Part Schematics Acquired . | . . . . Parts Built . | . . . . Authchips . | . . . . Time . | . . . . Total Part Build Rating . | . . . . Part Studies Acquired . | . . . . Parts Repaired 3 | . 3 . . Time 78 | . 78 . . Parts Recycled 3 | . 3 . . Recycled Matter . | . . . . Retrieved Matter . | . . . . Retrieved Components 10 | . 10 . . Parts Scanalyzed . | . . . . Part Schematics Acquired . | . . . . Parts Damaged . | . . . . Bothacking | -11 -10 -10 -10 ------------ Run | Yrd Mat Min Sub Used RIF Installer . | . . . . Robots Hacked 4 | . 4 . . Non-combat 4 | . 4 . . Combat . | . . . . Robot Hacks Applied 5 | . 5 . . parse_system 5 | . 5 . . Relay Couplers Released . | . . . . Fabnet Peak Effective % . | . . . . Robots Rewired . | . . . . Allies Hacked . | . . . . Hacks Repelled . | . . . . Allies | -11 -10 -10 -10 -------- Run | Yrd Mat Min Sub Total Allies 1 | . 1 . . Largest Group 1 | . 1 . . Highest-Rated Group 10 | . 10 . . Highest-Rated Ally 10 | . 10 . . Total Orders 9 | . 9 . . STAY 5 | . 5 . . FOLLOW 4 | . 4 . . Ally Attacks . | . . . . Total Damage . | . . . . Kills . | . . . . Allies Corrupted . | . . . . Allies Melted . | . . . . Intel | -11 -10 -10 -10 ------- Run | Yrd Mat Min Sub Active Infowar (turns) 2313 | 198 794 . 1321 Sensors 1 | . . . 1 Terrain 163 | 163 . . . Seismic 2150 | 35 794 . 1321 Robot Analysis Total 1 | . 1 . . Derelict Logs Recovered 5 | . . 2 3 Drone Launches . | . . . . Drone Recoveries . | . . . . Exploration | -11 -10 -10 -10 ------------- Run | Yrd Mat Min Sub Turns Passed 13071 | 233 7145 1945 3748 Spaces Moved 4300 | 107 1849 580 1764 Core 26 | 3 23 . . Treads 4274 | 104 1826 580 1764 Legs . | . . . . Wheels . | . . . . Hover . | . . . . Flight . | . . . . Fastest Speed 50 | 50 160 320 160 Average Speed 248 | 156 316 320 160 Slowest Speed 2500 | 160 2500 320 160 Overloaded Moves . | . . . . Propulsion Burnouts . | . . . . Robots Hopped . | . . . . Potential Cave-ins . | . . . . Cave-ins Triggered . | . . . . Exploration Rate (%) 71 | 6 98 97 83 Regions Visited 3 Branch Regions 2 Pre-discovered Areas 5 | . 3 1 1 Known Exits Taken . | . . . . Unknown Exits Taken 3 | 1 1 1 . Scrap Searched 3 | . . 1 2 Spaces Dug 36 | . 27 . 9 Terrain Destroyed 122 | . 82 . 40 Melee 22 | . 13 . 9 Projectile 34 | . 3 . 31 AOE 66 | . 66 . . Terrain Rammed . | . . . . Walls Destroyed . | . . . . Machines Disabled . | . . . . Actions | -11 -10 -10 -10 --------- Run | Yrd Mat Min Sub Total 6230 | 138 2963 627 2502 Wait 1460 | 1 926 6 527 Move 4297 | 106 1848 579 1764 Hop . | . . . . Pick Up 51 | 3 31 11 6 Fast Attach 21 | 8 3 1 9 Attach 6 | . 2 . 4 Detach 4 | 1 . 1 2 Swap 37 | . 23 3 11 Drop 31 | . 9 3 19 Fire 211 | 18 65 18 110 Melee 86 | . 42 2 42 Ram . | . . . . Kick . | . . . . Crush 4 | 1 . 3 . Escape Stasis . | . . . . Rewire . | . . . . Trap 14 | . 14 . . Miscellaneous 8 | . . . 8 Route ------- -11/Scrapyard -10/Materials (discovered 5 exits: *Mat x3 / *Min / *Sub) -10/Mines (discovered 4 exits: *Mat x2 / [*Exi] / *Sub) -10/Subcaves (discovered 1 exit: [*Mat]) History --------- Turn | Location | Event 9 | -11/Scrapyard | Discovered new exit (range 15) 234 | -11/Scrapyard | Entered Materials 331 | -10/Materials | Build established: Mutant 592 | -10/Materials | Discovered new exit (range 5) 735 | -10/Materials | Discovered new exit (range 8) 1335 | -10/Materials | Build established: Hauler-Mutant 1939 | -10/Materials | Discovered new exit (range 5) 2129 | -10/Materials | Discovered new exit (range 7) 2781 | -10/Materials | Build established: Mutant 2975 | -10/Materials | Discovered new exit (range 4) 3907 | -10/Materials | Loaded intel: 1 repair station location 3925 | -10/Materials | Identified exit to Materials 3955 | -10/Materials | Learned Materials emergency access door positions 3984 | -10/Materials | Learned location of 1 exit from Recycling 5073 | -10/Materials | Repaired Lgt. Treads 5100 | -10/Materials | Repaired Grenade Launcher 5127 | -10/Materials | Repaired Lgt. Treads 5619 | -10/Materials | Core integrity fell below 50% 6042 | -10/Materials | Build established: Scavenger-Mutant 6798 | -10/Materials | Build established: Mutant 7379 | -10/Materials | Entered Mines 7850 | -10/Mines | Deemed a non-threat by the Exiles lab entrance 7853 | -10/Mines | Discovered new exit (range 5) 8214 | -10/Mines | Discovered new exit (range 9) 8220 | -10/Mines | A weapon hastily lodged in a ceiling crevice suddenly fell to the ground 8497 | -10/Mines | Found a damaged Exp. Sensor Array with a note attached 8504 | -10/Mines | Found Prototype Device 8630 | -10/Mines | Met a Derelict shopkeep closing up shop 8928 | -10/Mines | Learned location of Zion (-7) 9324 | -10/Mines | Entered Subcaves 9325 | -10/Subcaves | Approached by a straggling Scientist 9450 | -10/Subcaves | A swath of the cavern ceiling suddenly collapsed 9493 | -10/Subcaves | Core integrity fell below 20% 9653 | -10/Subcaves | Visited 4L-MR0's lab 9668 | -10/Subcaves | Found Rainbow Chip 9669 | -10/Subcaves | Attached Rainbow Chip, gained temporary slots: Power, Propulsion, Utility, Weapon 9675 | -10/Subcaves | Found Prototype Device 10024 | -10/Subcaves | Visited Clippyterm 10029 | -10/Subcaves | Learned Factory trap positions 10029 | -10/Subcaves | Learned Research security intel 10640 | -10/Subcaves | Ambushed by Subdwellers from Twisted Machinery 11477 | -10/Subcaves | Disturbed a concealed Subdweller 11604 | -10/Subcaves | Discovered new exit (range 10) 12000 | -10/Subcaves | Learned 4 Materials zone layouts 12019 | -10/Subcaves | A swath of the cavern ceiling suddenly collapsed 12393 | -10/Subcaves | Shifting Twisted Machinery released Sub. Machine Gun 12406 | -10/Subcaves | Shifting Twisted Machinery released Sub. Monowheel 12424 | -10/Subcaves | Learned location of Mines (-10) 12955 | -10/Subcaves | Identified Exp. Sensor Array 13072 | -10/Subcaves | Destroyed by AY-5IW(R) with Subdweller Machine Gun Last Messages --------------- 12761_ Acquired 19 matter. 12844_ Acquired 10 matter. 12847_ Acquired 3 matter. 12852_ Acquired 2 matter. 12855_ Acquired 4 matter. 12943_ Dropped Lgt. Treads. 12945_ Acquired Lgt. Treads. 12948_ Dropped Scrap Shield. 12949_ Acquired Seismic Detector. 12950_ Dropped Battle Cannon. 12954_ Acquired Battle Cannon. 12955_ Identified Exp. Sensor Array. 12959_ Dropped Battle Cannon. 12961_ Acquired Scrap Shield. 13016_ Slug penetrates Wall. 13053_ Dropped Exp. Sensor Array. 13054_ Dropped Seismic Detector. 13062_ Deuterium Engine destroyed. 13067_ OB-TGF(R) destroyed. 13071_ AY-5IW(R) affixes Scrap Shield Fragment to Scrap Shield. Map ----- +----------------------------------------------------+ | ?????????????????????????????????????????????????? | | ?????????????????????????????????????????????????? | | ?????????????????????????????????????????????????? | | ?????????????????????????????????????????????????? | | ##???????????????????????????????????????????????? | | "#???????????????????????????????????????????????? | | #???????????????????????????????????????????????? | | *#???????????????????????????????????????????????? | | "#????###?????####???????????????????????????????? | | ###???# #?##### #???????????????????????????????? | | " #??## ### #???????????????????????????????? | | #### #???????????????????????????????? | | ## ## ##???????????????????????????????? | | ### ##???????????????????????????????? | | ##### #???????????????????????????????? | | #??## ####????????????????????????????? | | ##???# #????????????????????????????? | | ##????## ##??????????????? ????????????? | | ##??????# #?????????????? ????????????? | | ## ##??????## #?????????????" ??????????? | | ?# #???????# ##??????????? ????????????? | | ?# #???????# #??????????? #?????????????? | | ?# ####???## #?????????? ] #?????????????? | | ?## ## ##?#" #????????? ??????????????? | | ??## # ##"" ##?????###* [#?????????????????? | | ??## # "####?????##@%# #?????????????????? | | ??# ## ##?????### !R& ##?????????????????? | | ??## #### #????## %%" " #??????????????? | | ??# #??# #???## """" " " ##??????????????? | | ?## #### ##### "" "" " ####???????????????? | | ?# ## " """ """ #??????????????????? | | ?# ""####""""%#??????????????????? | | ## #####??#"""!##??????????????????? | | ### ##??????##"" #???????????????????? | | ## ##??????????? ???????????????????? | | ### ## ###???????????????????????????????? | | ### ## ?????????????????????????????? | | ## ?????????????????????????????? | | ### ?????????????????????????????? | | ##?## ??????????????????????????????? | | ##??#### ??????????????????????????????? | | #####??# ???????????????????????????????? | | ## ##?? ???????????????????????????????? | | #### ##? ????????????????????????????????? | | ###??# #??????????????????????????????????? | | # #??# #??????????????????????????????????? | | ??## ##?????????????????????????????????? | | ##?## ## ## #?????????????????????????? | | # ##?# #?????????????????????????? | | ??# ### #????????????????????????? | +----------------------------------------------------+ Best States ------------- Heat Dissipation 25 Energy Generation 14 Energy Capacity 275 Matter Stores 300 Matter Capacity 300 Sight Range 16 Terrain Scan Range 16 Terrain Scan Density 10 Armor Coverage 800 Evasion (%) 40 Recoil Reduction 3 Offensive Hacking 10 Item Schematics ----------------- None Robot Schematics ------------------ None Fabricated ------------ Nothing Repaired ---------- Lgt. Treads | 22% | -10/Materials Grenade Launcher | 25% | -10/Materials Lgt. Treads | 71% | -10/Materials Studied --------- None Alien Tech Used ----------------- None Achievements -------------- None Challenges ------------ None Game ------ Seed SniperNuclearCompactor Manual? 0 Play Time 00:48:27 Cumulative 642.0 hours Start 2026.06.27 @ 17:33:19 End 2026.06.27 @ 18:27:57 Sessions 1 Manual Loads 0 Difficulty Rogue Special Mode None Game No. 247 Rogue 247 Adventurer 0 Explorer 0 Win Type - Total 25 Types 10/3/7/1/0/0/1/2/0/1 Lore% 92 Gallery% 84 Achievement% 70 Wizard Run 0 Options --------- Layout 0 ASCII 0 Keyboard 1 Movement Numpad Keybinds 0 Fullscreen 2 Font 18/SmallcapsGlow Map View 76x50 Zoom Use 0% Tactical HUD 1 Map Filters NONE Filters NONE Steam 1 RUN: 9ba50e01-d2bf-4ca9-89f7-24d4cc21a051